 Dungeon Crawl Stone Soup version 0.18-a0-1773-gec4f98e (webtiles) character file.

22694 FitzyFitz the Basher (level 12, -23/157 HPs)
             Began as a White Draconian Warper on Apr 13, 2016.
             Was an Elder of Ashenzari.
             Killed from afar by a salamander stormcaller (36 damage)
             ... with a great blast of fire
             ... on level 12 of the Dungeon on Apr 14, 2016.
             The game lasted 04:38:27 (17115 turns).

FitzyFitz the Basher (White Draconian Warper)      Turns: 17115, Time: 04:38:29

Health: -23/157    AC: 18    Str: 20    XL:     12   Next: 65%
Magic:  22/22      EV: 11    Int: 18    God:    Ashenzari [****..]
Gold:   525        SH: 12    Dex:  6    Spells: 7 memorised, 8 levels left

rFire  + . .     SeeInvis +     a - +1 whip (elec)
rCold  + . .     Gourm    .     (armour unavailable)
rNeg   . . .     Faith    +     e - +1 shield {AC+3} (curse)
rPois  .         Spirit   .     (helmet restricted)
rElec  +         Dismiss  .     y - +1 cloak
rCorr  .         Reflect  .     (no gloves)
SustAt .         Harm     .     (no boots)
MR     .....     Clarity  +     u - amulet of faith (curse)
Stlth  ..........               A - ring of protection from fire (curse)
                                U - ring of Viutt {rElec AC+5 Dex-4 Stlth+} (curse)

@: berserking, about to teleport, very slightly contaminated, invisible, very
quick, not resistant to hostile enchantments, extremely unstealthy
A: breathe frost, unfitting armour, cold resistance 1, cold-blooded, AC +8
a: Breathe Frost, Curse Item, Scrying, Renounce Religion


You were on level 12 of the Dungeon.
You worshipped Ashenzari.
Ashenzari was greatly pleased with you.
You were not hungry.

You visited 3 branches of the dungeon, and saw 15 of its levels.

You collected 655 gold pieces.
You spent 130 gold pieces at shops.

Inventory:

Hand Weapons
 a - a +1 whip of electrocution (weapon)
Missiles
 d - 3 tomahawks of dispersal
 w - 4 tomahawks of returning
 L - 13 tomahawks (quivered)
Armour
 e - a cursed +1 shield of protection (worn)
 y - a +1 cloak (worn)
Magical Staves
 v - an uncursed staff of cold
Jewellery
 u - a cursed amulet of faith (around neck)
 A - a cursed ring of protection from fire (right hand)
 U - the cursed ring of Viutt (left hand) {rElec AC+5 Dex-4 Stlth+}
   (You took it off an orc on level 9 of the Dungeon)

   [ring of protection]

   It affects your AC (+5).
   It affects your dexterity (-4).
   It insulates you from electricity.
   It makes you more stealthy.
   It has a curse placed upon it.
Wands
 p - a wand of teleportation (5/9)
 s - a wand of polymorph (8/24)
 T - a wand of random effects (34/48)
 V - a wand of flame (21/48)
Scrolls
 f - a scroll of enchant armour
 k - a scroll of teleportation
 q - a scroll of remove curse
 x - 5 scrolls of magic mapping
 E - 9 scrolls of identify
 M - a scroll of recharging
Potions
 r - 3 potions of brilliance
 B - a potion of might
 D - 2 potions of lignification
 G - a potion of cancellation
 Q - a potion of flight
Miscellaneous
 b - a phial of floods (inert)
Comestibles
 c - 2 chunks of flesh
 g - 2 royal jellies
 n - 8 meat rations
 o - 5 beef jerkies


   Skills:
 - Level 9.6 Fighting
 - Level 12.2 Maces & Flails
 - Level 0.8 Throwing
 - Level 4.4 Dodging
 - Level 3.4 Stealth
 + Level 6.6(9.0) Shields
 - Level 7.2 Spellcasting
 - Level 6.7(10.2) Conjurations
 - Level 1.9(4.4) Charms
 - Level 3.7(6.9) Translocations
 - Level 5.4(8.9) Air Magic
 - Level 4.0(7.2) Poison Magic


You had 8 spell levels left.
You knew the following spells:

 Your Spells              Type           Power        Failure   Level  Hunger
a - Apportation           Tloc           ####......   1%          1    None
b - Blink                 Tloc           N/A          1%          2    None
c - Shroud of Golubria    Chrm/Tloc      ####......   3%          2    None
d - Portal Projectile     Tloc           ####..       4%          3    ##.....
e - Teleport Other        Tloc           ####....     4%          3    ##.....
f - Mephitic Cloud        Conj/Pois/Air  #####...     1%          3    ##.....
g - Conjure Flame         Conj/Fire      ####....     10%         3    ##.....


Dungeon Overview and Level Annotations

Branches:
Dungeon (12/15)            Temple (1/1) D:6            Lair (2/8) D:11
    Orc (0/2) D:11

Altars:
Ashenzari
Cheibriados
Dithmenos
Elyvilon
Fedhas
Gozag
Kikubaaqudgha
Makhleb
Nemelex Xobeh
Okawaru
Pakellas
Sif Muna
Trog
Vehumet
Xom
Yredelemnul
Zin
The Shining One

Shops:
D:5 *   D:9 (

Annotations:
D:12 Azrael; Josephine; Marethyu's ghost, journeyman VSAs


Innate Abilities, Weirdness & Mutations

You can breathe waves of freezing cold.
You can buffet flying creatures when you breathe cold.
Your icy white scales are hard (AC +8).
Your body does not fit into most forms of armour.
Your flesh is cold resistant.
You are cold-blooded and may be slowed by cold attacks.


Message History

Okay, then.
Unknown command.
Unknown command.
Evoke which item? (* to show all) (? for menu, Esc to quit)
Okay, then.
Unknown command.
Unknown command.
Casting: Blink
Confirm with . or Enter, or press ? or * to list all spells.
Okay, then.
Unknown command.
Unknown command.
Drink which item? (? for menu, Esc to quit)
A red film seems to cover your vision as you go berserk!
You feel yourself moving faster!
You feel mighty! The fire vortex closely misses you.
The salamander stormcaller points at you and mumbles some strange words.
A raging storm of fire appears!
The great blast of fire engulfs you! You partially resist.
You die...

, , + , ,,, ,.,, * , ,*
,,, , , , .. *
#################+###$#,
,,
..............#.......#
,
..............+.......#
,*
..............#.......#
, *
######u..#######+######
, , , ∆#...#.........# ,
, ,, #...#...v..@v.#,,,
, +...#.......v.#, , , ,
#...#.........#***+ * *
* #########....<.... ,
,* ,, ,,,#N......... , ,
,, ,* #v.........,, ,
,,,, , #.....####+ * **
, , #.....#,, ,* , , ,
,,......#, ,,, *


You could see a salamander stormcaller and 4 fire vortices.

Vanquished Creatures
  A hydra (Lair:2)
  A centaur warrior (D:8)
  Nergalle (Lair:2)
  2 unseen horrors
  A hill giant (D:10)
  An elephant (D:11)
  A cyclops (D:11)
  3 spiny frogs
  Psyche (D:8)
  2 komodo dragons
  2 two-headed ogres
  12 blink frogs
  3 wraiths (D:12)
  21 yaks
  A vampire (D:12)
  Grum (D:8)
  A steam dragon (D:10)
  A hippogriff (D:10)
  A hungry ghost (D:10)
  2 water moccasins
  3 porcupines
  6 orc warriors
  A sky beast (D:6)
  A wasp (D:10)
  3 phantoms
  4 ice beasts
  2 necrophages
  9 ogres
  6 crocodiles
  7 wolves
  9 centaurs
  13 giant frogs
  3 scorpions
  10 killer bees
  A spriggan skeleton (D:10)
  7 wights
  7 howler monkeys
  A jelly (D:6)
  2 centaur zombies
  6 crimson imps
  A wasp zombie (D:10)
  A giant frog zombie (D:11)
  A quasit (D:8)
  6 hounds
  9 orc priests
  7 centaur skeletons
  A giant frog skeleton (D:9)
  Jessica (D:2)
  2 iguanas
  12 orc wizards
  9 worker ants
  12 sheep
  2 hound skeletons
  A worker ant zombie (D:6)
  A howler monkey zombie (D:5)
  11 adders
  4 shadow imps
  2 oozes
  2 adder zombies
  An adder skeleton (D:10)
  6 worms
  2 dart slugs
  6 giant geckos
  36 orcs
  7 bats
  9 giant cockroaches
  9 goblins
  11 hobgoblins
  6 jackals
  4 quokkas
  2 ball pythons
  5 giant newts
  23 kobolds
  8 rats
  A butterfly (D:6)
381 creatures vanquished.

Vanquished Creatures (collateral kills)
  A hydra (D:11)
  A cyclops (D:11)
  A gargoyle (D:11)
  Prince Ribbit (Lair:1)
  2 big kobolds (D:11)
  3 sheep
  3 kobolds (D:11)
12 creatures vanquished.

Vanquished Creatures (others)
  A yak (Lair:1)
  2 crocodiles
  An orc (D:9)
  A fire vortex (D:12)
  3 fungi (Lair:2)
8 creatures vanquished.

Grand Total: 401 creatures vanquished

Notes
Turn   | Place    | Note
--------------------------------------------------------------
     0 | D:1      | FitzyFitz the Draconian Warper began the quest for the Orb.
     0 | D:1      | Reached XP level 1. HP: 17/17 MP: 3/3
   330 | D:1      | Reached XP level 2. HP: 26/26 MP: 5/5
   645 | D:1      | Learned a level 2 spell: Blink
   648 | D:1      | Learned a level 2 spell: Shroud of Golubria
   837 | D:2      | Reached XP level 3. HP: 31/31 MP: 6/6
   952 | D:2      | You fall through a shaft for 2 floors!
  1028 | D:3      | Reached skill level 3 in Maces & Flails
  1069 | D:3      | Found a sparkling altar of Nemelex Xobeh.
  1251 | D:2      | Reached XP level 4. HP: 37/38 MP: 7/7
  1335 | D:2      | Found a sparkling altar of Nemelex Xobeh.
  1377 | D:2      | Noticed Jessica
  1654 | D:2      | Killed Jessica
  1654 | D:2      | Reached skill level 4 in Maces & Flails
  2171 | D:2      | Reached XP level 5. HP: 45/45 MP: 8/8
  2585 | D:3      | Reached skill level 5 in Maces & Flails
  2886 | D:4      | Found a burning altar of Makhleb.
  2916 | D:4      | Noticed an ogre
  2925 | D:4      | Killed an ogre
  2925 | D:4      | Reached skill level 6 in Maces & Flails
  2925 | D:4      | Reached XP level 6. HP: 51/51 MP: 6/9
  3299 | D:4      | Found a shattered altar of Ashenzari.
  3303 | D:4      | Found a snail-covered altar of Cheibriados.
  3314 | D:4      | Found a glowing silver altar of Zin.
  3340 | D:4      | Became a worshipper of Ashenzari the Shackled
  3417 | D:5      | Entered Level 5 of the Dungeon
  3472 | D:5      | Found Plog's Assorted Antiques.
  3477 | D:5      | Bought a scroll labeled DISKIMM POCE for 20 gold pieces
  3490 | D:5      | Bought a scroll of identify for 40 gold pieces
  3491 | D:5      | Bought a scroll of fear for 70 gold pieces
  3520 | D:5      | Reached skill level 7 in Maces & Flails
  3540 | D:5      | Noticed an ice beast
  3559 | D:5      | Killed an ice beast
  3559 | D:5      | Your scales start taking on an icy white colour.
  3559 | D:5      | Reached XP level 7. HP: 57/57 MP: 10/10
  3559 | D:5      | Gained mutation: Your flesh is cold resistant. [White Draconian growth]
  3635 | D:5      | Reached skill level 8 in Maces & Flails
  3784 | D:5      | Found a white marble altar of Elyvilon.
  3789 | D:5      | Found a basalt altar of Yredelemnul.
  4205 | D:5      | Reached skill level 9 in Maces & Flails
  4205 | D:5      | Reached XP level 8. HP: 44/63 MP: 11/11
  4213 | D:5      | Found a deep blue altar of Sif Muna.
  4218 | D:5      | Found a bloodstained altar of Trog.
  4218 | D:5      | Found a shadowy altar of Dithmenos.
  4484 | D:6      | Learned a level 3 spell: Portal Projectile
  4488 | D:6      | Learned a level 3 spell: Teleport Other
  4751 | D:6      | Found an opulent altar of Gozag.
  4765 | D:6      | Found a staircase to the Ecumenical Temple.
  4772 | D:6      | Reached skill level 10 in Maces & Flails
  4801 | D:6      | Found a sparkling altar of Nemelex Xobeh.
  4806 | Temple   | Entered the Ecumenical Temple
  4813 | Temple   | Reached * piety under Ashenzari
  4898 | D:6      | Found an iron altar of Okawaru.
  5050 | D:6      | Found an oddly glowing altar of Pakellas.
  5263 | D:6      | Reached skill level 5 in Fighting
  5664 | D:6      | Reached XP level 9. HP: 75/75 MP: 12/12
  5821 | D:7      | Found a glowing golden altar of the Shining One.
  6032 | D:7      | Reached skill level 11 in Maces & Flails
  6282 | D:7      | Found a shimmering altar of Xom.
  7059 | D:8      | Noticed Grum
  7359 | D:8      | Killed Grum
  7393 | D:8      | Noticed a centaur warrior
  7403 | D:8      | Killed a centaur warrior
  7403 | D:8      | Reached skill level 12 in Maces & Flails
  7403 | D:8      | Reached XP level 10. HP: 50/90 MP: 13/13
  7809 | D:8      | Noticed Psyche
  7816 | D:8      | Killed Psyche
  8039 | D:9      | Reached ** piety under Ashenzari
  8046 | D:9      | Found a blossoming altar of Fedhas.
  8140 | D:9      | Found a radiant altar of Vehumet.
  8717 | D:9      | Identified the ring of Viutt {rElec AC+5 Dex-4 Stlth+} (You took it off an orc on level 9 of the Dungeon)
  8723 | D:9      | Found Geloq's Weapon Boutique.
  9063 | D:9      | Learned a level 3 spell: Mephitic Cloud
  9107 | D:10     | Entered Level 10 of the Dungeon
  9121 | D:10     | Reached skill level 1 in Conjurations
  9388 | D:10     | Reached skill level 1 in Air Magic
  9410 | D:10     | Killed an unseen horror
  9462 | D:10     | Noticed a hill giant
  9882 | D:10     | Reached XP level 11. HP: 89/97 MP: 17/17
  9893 | D:10     | Reached skill level 5 in Conjurations
 10146 | D:10     | Got the long sword of Spontaneous Combustion {slice, MP+9}
 10225 | D:10     | Killed a hill giant
 10845 | D:11     | Noticed a seven-headed hydra
 10876 | D:11     | Killed a seven-headed hydra
 10888 | D:11     | Reached skill level 5 in Air Magic
 11517 | D:11     | Reached skill level 1 in Poison Magic
 12007 | D:12     | Learned a level 3 spell: Conjure Flame
 12080 | D:12     | Noticed Marethyu's ghost (journeyman VSAs)
 12409 | D:11     | Found a staircase to the Orcish Mines.
 12445 | D:11     | Upgraded the game from 0.18-a0-1764-gf4ddf0b to 0.18-a0-1773-gec4f98e
 12795 | D:11     | Found a staircase to the Lair.
 12804 | Lair:1   | Entered Level 1 of the Lair of Beasts
 13011 | Lair:1   | Reached *** piety under Ashenzari
 13107 | Lair:1   | Reached skill level 5 in Spellcasting
 13107 | Lair:1   | Reached skill level 1 in Charms
 13295 | Lair:1   | Noticed Prince Ribbit
 13340 | Lair:1   | Killed Prince Ribbit
 13608 | Lair:1   | Reached skill level 1 in Stealth
 14494 | Lair:2   | Reached XP level 12. HP: 59/104 MP: 21/21
 14673 | Lair:2   | Noticed a six-headed hydra
 14760 | Lair:2   | Noticed a six-headed hydra
 14792 | Lair:2   | Killed a six-headed hydra
 15081 | Lair:2   | Noticed Nergalle
 15619 | Lair:2   | Killed Nergalle
 15857 | Lair:2   | Reached skill level 1 in Shields
 16086 | Lair:2   | Noticed a fire dragon
 16154 | Lair:2   | Reached **** piety under Ashenzari
 16414 | D:11     | Reached skill level 5 in Shields
 16953 | D:12     | Noticed Josephine
 16994 | D:12     | Noticed Azrael
 17106 | D:12     | Noticed a salamander stormcaller
 17115 | D:12     | Killed from afar by a salamander stormcaller

Vault maps used:
D:1:      dpeg_arrival_circle_labyrinth_a
D:2:      nemelex_dance_club_becter, uniq_jessica
D:3:      nemelex_lonely_heart_becter
D:4:      makhleb_heckhound_becter, minmay_overflow_temple_star_quad,
          first_bread, due_unseen_surprise
D:5:      nicolae_overflow_hidden_temple, serial_shops, shop
D:6:      nemelex_deck, nicolae_gozag_seed_capital,
          johnstein_pakellas_death_squad, minmay_temple_entry_butterflies,
          okawaru_altar_gauntlet_db
D:7:      lemuel_crystal_altar, basic_altar, hangedman_abyss_or_decor_slice
D:8:      uniq_grum, uniq_psyche
D:9:      vehumet_crystals, overflow_temple_1_default, serial_shops, shop
D:10:     hangedman_tell_no_tales, billiards_dpeg
D:11:     david_lair_generic, david_orc_3
D:12:     nicolae_underground_beach, uniq_josephine, uniq_nessos, uniq_azrael
Temple:   nicolae_temple_hex_pool_5
Lair:1:   uniq_prince_ribbit2
Lair:2:   dragon1_lemuel, lemuel_old_faithful, grunt_megastairs_4, uniq_nergalle

Skill      XL: |  1  2  3  4  5  6  7  8  9 10 11 12 |
---------------+-------------------------------------+-----
Fighting       | 3 5 8 9 |  9.6
Maces & Flails | 3 4 6 7 9 10 12 | 12.2
Dodging        | 4 |  4.4
Spellcasting   | 4 6 7 |  7.2
Conjurations   | 4 6 |  6.7
Air Magic      | 3 5 |  5.4
Poison Magic   | 4 |  4.0
Charms         | 1 |  1.9
Stealth        | 2 3 |  3.4
Shields        | 6 |  6.6
Throwing       | |  0.8
Translocations | |  3.7

Action                   |  1- 3 |  4- 6 |  7- 9 | 10-12 || total
-------------------------+-------+-------+-------+-------++-------
Melee: Mace              |    30 |       |       |       ||    30
       Tailslap          |    14 |    12 |    46 |   104 ||   176
       Whip              |    95 |   127 |   372 |   564 ||  1158
       Whip              |       |       |       |   514 ||   514
Throw: Stone             |     6 |       |     3 |       ||     9
       Tomahawk          |     2 |     7 |     6 |    21 ||    36
 Cast: Shroud of Golubri |       |     3 |       |       ||     3
       Apportation       |       |       |     2 |       ||     2
       Teleport Other    |       |       |       |     7 ||     7
       Conjure Flame     |       |       |       |     6 ||     6
       Shroud of Golubri |       |       |       |     6 ||     6
       Teleport Other    |       |       |       |     5 ||     5
       Mephitic Cloud    |       |       |       |    18 ||    18
       Mephitic Cloud    |       |       |       |     2 ||     2
       Apportation       |       |       |       |     1 ||     1
       Blink             |       |       |       |     1 ||     1
       Blink             |       |       |       |     1 ||     1
Invok: Curse Item        |       |       |     1 |     1 ||     2
       Curse Item        |       |       |       |     1 ||     1
 Abil: Breathe Frost     |       |       |     3 |    13 ||    16
       Breathe Frost     |       |       |       |    25 ||    25
Evoke: Club              |       |     2 |       |    12 ||    14
       Wand              |       |       |       |     1 ||     1
       Phial of floods   |       |       |       |     1 ||     1
  Use: Scroll            |       |    15 |    10 |     8 ||    33
       Potion            |       |     2 |       |     1 ||     3
       Potion            |       |       |       |     9 ||     9
       Scroll            |       |       |       |     6 ||     6
 Stab: Sleeping          |     1 |     1 |       |       ||     2
       Distracted        |       |       |       |     3 ||     3
       Invisible         |       |       |       |     9 ||     9
       Sleeping          |       |       |       |     4 ||     4
       Confused          |       |       |       |     1 ||     1
       Confused          |       |       |       |     5 ||     5
       Distracted        |       |       |       |     1 ||     1
  Eat: Chunk             |     4 |    21 |     3 |    12 ||    40
       Pizza             |       |       |     1 |       ||     1
       Royal jelly       |       |       |       |     1 ||     1
       Meat ration       |       |       |       |     2 ||     2
       Chunk             |       |       |       |     6 ||     6
       Meat ration       |       |       |       |     2 ||     2
       Royal jelly       |       |       |       |     1 ||     1
       Beef jerky        |       |       |       |     1 ||     1
Armor: Skin              |    49 |    29 |    78 |   145 ||   301
       Skin              |       |       |       |   124 ||   124
Dodge: Dodged            |    93 |    69 |   182 |   237 ||   581
       Dodged            |       |       |       |   185 ||   185
Block: Shield            |       |       |       |    55 ||    55
